AoeStats
← Moge

Arena

508633734Analyzed
1v1 RM · 8d ago on Sep 23, 2026· 44m 22s· 2 players
Game mode
Random Map
Map size
Tiny (2 player)
Population
200
Speed
Normal
Resources
Standard
Victory
Conquest
Starting age
Dark Age
Ending age
Imperial Age
RankedLock teamsTeams togetherTeam positionsShared explorationLock speedFull tech treeHidden civsTurbo modeCheats
Victory
Defeat
🇮🇩 Byzantines · Indonesia
976
+18
🇺🇸 Mongols · United States
1024
-18
Momo
12:10 Feudal Age
13:13 Horse Collar
13:20 Double-Bit Axe
16:25 Castle Age
20:55 Loom
22:05 Wheelbarrow
23:09 Gold Mining
23:57 Heavy Plow
23:44 Light Cavalry
25:39 Stone Mining
26:54 Squires
26:15 Pikeman
26:20 Elite Skirmisher
28:14 Thumb Ring
31:28 Imperial Age
29:46 Forging
29:40 Husbandry
29:39 Fletching
29:37 Gambesons
29:39 Arson
30:45 Hand Cart
30:11 Crossbowman
31:41 Fervor
31:42 Padded Archer Armor
32:45 Conscription
31:55 Hussar
33:05 Bodkin Arrow
33:33 Ballistics
32:54 Treadmill Crane
34:15 Chemistry
32:59 Heavy Camel Rider
34:17 Bracer
35:11 Gold Shaft Mining
36:00 Elite Cataphract
36:35 Arbalester
37:53 Leather Archer Armor
37:30 Elite Varangian Guard
39:15 Scale Mail Armor
41:25 Logistica
43:51 Ring Archer Armor
Moge
8:50 Feudal Age
9:30 Loom
9:39 Horse Collar
15:33 Castle Age
15:39 Double-Bit Axe
19:13 Wheelbarrow
20:15 Heavy Plow
20:41 Stone Mining
20:42 Gold Mining
22:31 Town Watch
24:00 Hand Cart
25:00 Fletching
25:30 Bow Saw
26:34 Bodkin Arrow
26:45 Scale Barding Armor
27:42 Gold Shaft Mining
28:45 Chain Barding Armor
30:01 Thumb Ring
32:40 Imperial Age
31:14 Bloodlines
32:31 Town Patrol
32:40 Husbandry
33:13 Ballistics
33:48 Heavy Cavalry Archer
35:58 Conscription
38:05 Bracer
39:57 Parthian Tactics
Connection lost

Rejoining the realm…

Still unreachable

The connection could not be restored.

Session expired

The server has moved on; the page needs a fresh start.